 Dungeon Crawl Stone Soup version 0.20-a0-494-gf50ee04 (console) character file.

289 zxpr0jk the Skirmisher (level 6, -1/84 HPs)
             Began as a Draconian Berserker on Jan 18, 2017.
             Was a Priest of Trog.
             Slain by a gnoll shaman
             ... wielding a +0 whip
              (8 damage)
             ... on level 3 of the Dungeon.
             The game lasted 00:04:54 (2470 turns).

zxpr0jk the Skirmisher (Draconian Berserker)        Turns: 2470, Time: 00:04:54

Health: -1/84      AC:  7    Str: 25    XL:     6   Next: 9%
Magic:  6/6        EV: 13    Int:  7    God:    Trog [***...]
Gold:   39         SH:  3    Dex: 12    Spells: 5/5 levels left

rFire    . . .     SeeInvis .   q - +2 long sword (distort)
rCold    . . .     Gourm    .   (armour unavailable)
rNeg     . . .     Faith    .   (no shield)
rPois    .         Spirit   .   (helmet restricted)
rElec    .         Reflect  +   (no cloak)
rCorr    .         Harm     .   (no gloves)
MR       .....                  l - +0 pair of boots
Stlth    ..........             g - +3 amulet of reflection
Regen    0.3/turn               (no ring)
                                (no ring)

@: berserking (expiring), heavily drained, very quick
A: unfitting armour, cold-blooded, AC +6
a: Berserk, Trog's Hand, Burn Spellbooks, Renounce Religion


You were on level 3 of the Dungeon.
You worshipped Trog.
Trog was most pleased with you.
You were hungry.

You visited 1 branch of the dungeon, and saw 3 of its levels.

You collected 39 gold pieces.

Inventory:

Hand Weapons
 q - a +2 long sword of distortion (weapon)
Missiles
 s - 2 throwing nets (quivered)
Armour
 l - a +0 pair of boots (worn)
Jewellery
 g - a +3 amulet of reflection (around neck)
Scrolls
 e - a scroll of magic mapping {unknown}
 h - a scroll of amnesia {unknown}
 i - a scroll of identify {unknown}
 n - 2 scrolls of remove curse {unknown}
 p - a scroll of enchant armour {unknown}
 u - a scroll of recharging {unknown}
Potions
 a - 2 potions of flight {unknown}
 d - a potion of resistance {unknown}
 f - a potion of might {unknown}
 j - 2 potions of degeneration {unknown}
 k - 2 potions of curing {unknown}
 m - a potion of heal wounds {unknown}
 t - a potion of cancellation {unknown}
Comestibles
 b - 2 bread rations
 c - 2 beef jerkies
 o - 2 slices of pizza
 r - 7 fruits
 v - 4 chunks of flesh


   Skills:
 + Level 5.2(3.8) Fighting
 + Level 4.5(3.2) Long Blades
 + Level 4.1(2.9) Dodging


You had 5 spell levels left.
You didn't know any spells.

Dungeon Overview and Level Annotations

Branches:
Dungeon (3/15)

Altars:

Annotations:
D:3 droogie's ghost, amateur GrGl


Innate Abilities, Weirdness & Mutations

Your plain brown scales are hard. (AC +6)
You cannot fit into any form of body armour.
You are cold-blooded and may be slowed by cold attacks.


Message History

The gnoll hits you from afar with a spear.
* * * LOW HITPOINT WARNING * * *
You barely miss the ogre. You tail-slap the ogre.
The ogre is almost dead.
The gnoll shaman hits you with a whip.
* * * LOW HITPOINT WARNING * * *
You slice the ogre!!
You kill the ogre!
Trog accepts your kill.
Your base Fighting skill increases to level 5!
Your base Dodging skill increases to level 4!
You have reached level 6!
Your experience leads to an increase in your attributes!
Your base attributes are Str 20, Int 7, Dex 11.
Increase (S)trength, (I)ntelligence, or (D)exterity?
You feel agile.
Your scales feel tougher.
The gnoll misses you.
The gnoll shaman calls upon its god to heal something.
You closely miss the gnoll shaman. The gnoll closely misses you.
The gnoll shaman hits you with a whip!
You die...

################# ........#8..8#...
.......g'....'..8 ........gg...'..8
........#@..(#... ''#######....#
#....# #....≈≈ #....# #...P≈≈###+#
#....# #....≈≈#...#############''''###
#....≈≈#..g#...".....)).........
#....≈≈#####≈≈≈≈≈≈≈≈≈†≈≈....≈≈≈≈
......#....≈≈≈≈≈≈≈≈≈≈≈≈≈≈≈≈≈≈≈....≈≈≈≈
......#....≈≈≈≈≈≈≈≈≈≈≈÷≈≈≈≈≈≈≈....≈≈≈≈
.......
#....#.....P........()...............
.......
#...................))...............
.......
#.#.........###.###..........#######.
.<.....##.........................##..
........................##.#......#
#..
...........##..........#...#........
..............................##...##
####..................####.# .#.#
..######...#.#..###......#..# #.......
...#.......#.....# ##########.# .... .
.....####.....##... .#...


You could see a gnoll shaman and 2 gnolls.

Vanquished Creatures
  An ogre (D:3)
  9 gnolls (D:3)
  3 adders (D:2)
  An ooze (D:1)
  2 worms (D:2)
  4 dart slugs
  A leopard gecko (D:2)
  4 orcs (D:3)
  4 giant cockroaches
  7 goblins
  8 hobgoblins
  3 jackals (D:3)
  4 kobolds
  3 quokkas (D:2)
  2 ball pythons
  6 bats
  4 frilled lizards (D:2)
  5 rats
71 creatures vanquished.

Notes
Turn   | Place    | Note
-------+----------+-------------------------------------------
     0 | D:1      | zxpr0jk the Draconian Berserker began the quest for the Orb.
     0 | D:1      | Reached XP level 1. HP: 19/19 MP: 1/1
    40 | D:1      | Reached XP level 2. HP: 11/26 MP: 2/2
   665 | D:1      | Reached XP level 3. HP: 33/33 MP: 3/3
   857 | D:1      | Reached ** piety under Trog
  1059 | D:2      | Reached skill level 4 in Fighting
  1392 | D:2      | Reached XP level 4. HP: 40/40 MP: 4/4
  2397 | D:3      | Noticed droogie's ghost (amateur GrGl)
  2402 | D:3      | Reached XP level 5. HP: 43/47 MP: 5/5
  2453 | D:3      | Noticed an ogre
  2466 | D:3      | Reached *** piety under Trog
  2469 | D:3      | Killed an ogre
  2469 | D:3      | Reached skill level 5 in Fighting
  2469 | D:3      | Reached XP level 6. HP: 7/56 MP: 6/6
  2470 | D:3      | Slain by a gnoll shaman

Vault maps used:
D:1:      matt_arrival_grand_opening
D:3:      lemuel_castle_with_subvaults, portal_sewer_entry_d

Skill      XL: |  1  2  3  4  5 |
---------------+----------------+-----
Dodging        | 3 4 |  4.1
Fighting       | 4 5 |  5.2
Long Blades    | 4 |  4.5

Action                   |  1- 3 |  4- 6 || total
-------------------------+-------+-------++-------
Melee: Falchion          |   109 |    13 ||   122
       Tailslap          |    17 |    11 ||    28
       Long sword        |       |    53 ||    53
Invok: Berserk           |       |     3 ||     3
       Trog's Hand       |       |     1 ||     1
  Eat: Chunk             |     1 |     7 ||     8
Armor: Skin              |    36 |    23 ||    59
Dodge: Dodged            |    57 |    55 ||   112
Block: Other             |       |     9 ||     9
       Rpst.: Falchion   |    22 |     6 ||    28
       Long sword        |       |    11 ||    11
